AoeStats
← Bezantine

Arena

509256742Analyzed
4v4 RM · 5d ago on Sep 26, 2026· 52m 18s· 8 players
Game mode
Random Map
Map size
Large (8 player)
Population
200
Speed
Normal
Resources
Standard
Victory
Conquest
Starting age
Dark Age
Ending age
Imperial Age
RankedLock teamsTeams togetherTeam positionsShared explorationLock speedFull tech treeHidden civsTurbo modeCheats
Victory
Defeat
🇨🇴 Bohemians · Colombia
812
+14
🇨🇴 Persians · Colombia
807
+14
🇨🇳 Magyars · China
759
+16
🇩🇴 Romans · Dominican Republic
713
+18
🇨🇦 Bohemians · Canada
844
-20
🇨🇦 Celts · Canada
769
-16
🇨🇦 Slavs · Canada
756
-15
🇨🇦 Khmer · Canada
659
-11
Escobar Rat
0:30 Loom
14:01 Feudal Age
16:03 Double-Bit Axe
17:37 Wheelbarrow
22:04 Castle Age
25:20 Bow Saw
27:24 Chemistry
32:16 Imperial Age
38:53 Heavy Scorpion
42:14 Ballistics
41:51 Murder Holes
41:47 Guard Tower
45:42 Houfnice
48:11 Fortified Wall
48:22 Bombard Tower
Atomicz 420
0:33 Loom
12:17 Feudal Age
20:12 Castle Age
17:52 Man-at-Arms
18:55 Forging
18:53 Scale Barding Armor
19:37 Bloodlines
21:52 Husbandry
22:36 Double-Bit Axe
22:38 Horse Collar
24:31 Wheelbarrow
24:56 Bow Saw
26:24 Heavy Plow
29:22 Iron Casting
31:25 Chain Barding Armor
35:15 Hand Cart
39:11 Imperial Age
38:53 Cavalier
41:09 Blast Furnace
40:45 Plate Barding Armor
40:15 Savar
44:43 Light Cavalry
44:44 Heavy Camel Rider
51:57 Chemistry
51:08 Masonry
51:19 Ballistics
50:55 Murder Holes
Nothing happened, go cry!
12:37 Feudal Age
17:45 Castle Age
15:20 Man-at-Arms
16:28 Stone Mining
16:47 Double-Bit Axe
17:29 Horse Collar
17:50 Long Swordsman
18:23 Loom
20:39 Gold Mining
22:53 Town Watch
23:57 Squires
25:43 Heavy Plow
26:08 Fletching
27:50 Wheelbarrow
29:32 Bow Saw
29:58 Bodkin Arrow
31:22 Gold Shaft Mining
36:42 Imperial Age
34:28 Hand Cart
36:56 Town Patrol
37:23 Scale Mail Armor
37:33 Forging
36:46 Pikeman
38:21 Conscription
38:51 Fervor
39:03 Capped Ram
40:56 Legionary
42:16 Murder Holes
42:27 Siege Engineers
42:32 Masonry
43:50 Fortified Wall
44:41 Chemistry
44:01 Ballistics
44:20 Iron Casting
44:01 Chain Mail Armor
43:52 Scale Barding Armor
43:47 Padded Archer Armor
44:20 Crop Rotation
44:32 Halberdier
46:43 Blast Furnace
51:34 Comitatenses
51:21 Ballistas
52:40 Architecture
檐上白
10:16 Feudal Age
16:36 Castle Age
21:43 Horse Collar
22:18 Double-Bit Axe
27:20 Wheelbarrow
26:30 Town Watch
31:42 Imperial Age
29:59 Hand Cart
30:31 Town Patrol
32:47 Conscription
32:28 Corvinian Army
32:29 Recurve Bow
32:54 Bow Saw
32:51 Heavy Plow
32:47 Loom
33:20 Husbandry
33:32 Bloodlines
33:33 Scale Barding Armor
34:49 Two-Man Saw
34:40 Crop Rotation
34:56 Elite Magyar Huszar
38:17 Chemistry
37:38 Ballistics
36:59 Treadmill Crane
37:16 Murder Holes
37:32 Masonry
38:30 Loom
40:49 Chain Barding Armor
40:20 Fletching
40:31 Padded Archer Armor
43:42 Parthian Tactics
44:23 Plate Barding Armor
43:44 Bodkin Arrow
44:05 Leather Archer Armor
45:24 Heavy Cavalry Archer
47:04 Thumb Ring
47:42 Bracer
49:13 Hoardings
48:09 Sappers
DrHoniPotting
13:03 Feudal Age
13:49 Double-Bit Axe
18:00 Castle Age
15:49 Horse Collar
18:03 Stone Mining
19:46 Stone Shaft Mining
19:23 Bow Saw
19:55 Scale Mail Armor
19:18 Pikeman
24:23 Forging
30:17 Fortified Wall
34:27 Imperial Age
34:29 Capped Ram
34:54 Halberdier
35:31 Arson
36:20 Siege Engineers
37:16 Chemistry
36:25 Siege Ram
38:08 Furor Celtica
38:58 Heavy Scorpion
39:22 Onager
43:07 Masonry
46:36 Heavy Scorpion
47:59 Heavy Scorpion
Bezantine
13:10 Feudal Age
17:20 Castle Age
17:04 Horse Collar
17:13 Double-Bit Axe
18:39 Bow Saw
22:07 Pikeman
24:18 Chemistry
30:41 Wagenburg Tactics
32:44 Murder Holes
48:40 Imperial Age
48:45 Halberdier
50:35 Scale Mail Armor
50:46 Forging
zra7en
0:32 Loom
11:52 Feudal Age
12:40 Double-Bit Axe
17:55 Castle Age
16:35 Horse Collar
18:55 Bow Saw
19:41 Town Watch
20:39 Wheelbarrow
22:42 Forging
22:57 Gold Mining
23:21 Heavy Plow
26:58 Iron Casting
26:23 Scale Mail Armor
26:29 Scale Barding Armor
26:03 Pikeman
26:43 Squires
27:35 Man-at-Arms
28:56 Chain Mail Armor
30:47 Chain Barding Armor
30:20 Fletching
30:58 Husbandry
31:09 Bloodlines
30:19 Light Cavalry
31:28 Hand Cart
31:55 Town Patrol
33:14 Gold Shaft Mining
34:53 Ballistics
35:04 Bodkin Arrow
38:16 Masonry
40:56 Imperial Age
38:33 Detinets
41:01 Heavy Scorpion
43:22 Blast Furnace
45:14 Halberdier
49:19 Caravan
tarj99
0:58 Loom
12:39 Feudal Age
13:45 Double-Bit Axe
14:42 Wheelbarrow
14:07 Horse Collar
21:53 Castle Age
20:09 Gold Mining
21:30 Stone Mining
22:45 Bow Saw
22:37 Heavy Plow
23:07 Hand Cart
25:09 Stone Shaft Mining
26:25 Bow Saw
27:32 Caravan
27:38 Padded Archer Armor
27:38 Fletching
28:40 Town Watch
30:17 Gold Shaft Mining
30:09 Town Patrol
30:59 Coinage
33:10 Leather Archer Armor
32:51 Bodkin Arrow
33:01 Scale Barding Armor
32:57 Scale Mail Armor
33:08 Forging
37:55 Imperial Age
38:06 Ballistics
39:10 Heavy Scorpion
39:55 Double Crossbow
41:00 Ring Archer Armor
41:53 Chemistry
41:14 Siege Engineers
42:01 Bracer
42:09 Murder Holes
42:38 Fortified Wall
52:09 Husbandry
52:20 Bloodlines
51:31 Elite Battle Elephant
51:34 Light Cavalry
Connection lost

Rejoining the realm…

Still unreachable

The connection could not be restored.

Session expired

The server has moved on; the page needs a fresh start.